[Event "CN Seniori 2012"]
[Site "Sarata Monteoru/Romania"]
[Date "2012.02.16"]
[Round "5.5"]
[White "Doros, Radu-Marian"]
[Black "Parligras, Mircea-Emilian"]
[Result "1-0"]
[ECO "A41"]
[WhiteElo "2338"]
[BlackElo "2650"]
[PlyCount "108"]
[EventDate "2012.??.??"]
[TimeControl "40/5400+30:900+30"]

1. Nf3 g6 2. d4 Bg7 3. c4 d6 4. Nc3 Bg4 5. Bg5 c6 6. Qd2 d5 7. e3 Bxf3 8. gxf3
Nf6 9. e4 O-O 10. h4 Nbd7 11. O-O-O dxe4 12. fxe4 e5 13. d5 cxd5 14. exd5 h5
15. f4 Re8 16. f5 e4 17. fxg6 fxg6 18. Bh3 Ne5 19. Rhf1 Qb6 20. c5 Qa6 21. Be6+
Rxe6 22. dxe6 Qxe6 23. Qd6 Qxd6 24. Rxd6 Ne8 25. Rd5 Nc7 26. Rd6 Ne8 27. Rd5
Nc7 28. Rd8+ Rxd8 29. Bxd8 Ne6 30. Bf6 Nxc5 31. Bxg7 Kxg7 32. Kc2 a5 33. Nxe4
Nxe4 34. Re1 Kf6 35. Rxe4 Kf5 36. Rd4 Nf3 37. Ra4 b6 38. Kd3 Ne5+ 39. Ke3 b5
40. Rf4+ Ke6 41. b3 Kd5 42. Rf8 Nc6 43. Kf4 Nb4 44. a4 bxa4 45. bxa4 Nd3+ 46.
Kg5 Ne5 47. Rf4 Ke6 48. Rf6+ Ke7 49. Rf1 Ke6 50. Re1 Kd5 51. Kf6 Nd3 52. Rd1
Kc4 53. Kxg6 Nb2 54. Ra1 Kd5 1-0

[Event "CN Seniori 2012"]
[Site "Sarata Monteoru/Romania"]
[Date "2012.02.16"]
[Round "5.6"]
[White "Jianu, Vlad-Cristian"]
[Black "Posedaru, Bogdan"]
[Result "1-0"]
[ECO "D40"]
[WhiteElo "2508"]
[BlackElo "2337"]
[PlyCount "60"]
[EventDate "2012.??.??"]
[TimeControl "40/5400+30:900+30"]

1. c4 c6 2. e4 d5 3. exd5 cxd5 4. d4 Nf6 5. Nc3 e6 6. Nf3 Be7 7. Be2 O-O 8. O-O
dxc4 9. Bxc4 a6 10. Qe2 b5 11. Bb3 Bb7 12. Bg5 Nc6 13. Rad1 Nd5 14. Bc1 Na5 15.
Bc2 Rc8 16. Ne4 Qc7 17. Bb1 Nf4 18. Qe3 Ng6 19. b3 Nc6 20. h4 Nb4 21. h5 Nc2
22. Qd3 f5 23. Neg5 Bxg5 24. Nxg5 Nh4 25. Nxe6 Qe7 26. d5 Nb4 27. Qg3 Bxd5 28.
Nxf8 Bxg2 29. Rd7 Qxf8 30. Bb2 Qd8 1-0

[Event "CN Seniori 2012"]
[Site "Sarata Monteoru/Romania"]
[Date "2012.02.16"]
[Round "5.7"]
[White "Dragomirescu, Robin-Alexandru"]
[Black "Filip, Lucian"]
[Result "1/2-1/2"]
[ECO "B48"]
[WhiteElo "2340"]
[BlackElo "2490"]
[PlyCount "47"]
[EventDate "2012.??.??"]
[TimeControl "40/5400+30:900+30"]

1. e4 c5 2. Nf3 e6 3. d4 cxd4 4. Nxd4 Nc6 5. Nc3 Qc7 6. Be3 Nf6 7. f4 Nxd4 8.
Qxd4 b6 9. e5 Ng4 10. Bg1 Bc5 11. Nb5 Qc6 12. Qd2 O-O 13. O-O-O Ba6 14. Nd4
Bxd4 15. Bxd4 Bxf1 16. Rhxf1 Nxh2 17. Rh1 Ng4 18. Rh4 f5 19. exf6 Nxf6 20. g4
Qf3 21. Qh2 Nxg4 22. Rxh7 Nxh2 23. Rxg7+ Kh8 24. Rf7+ 1/2-1/2

[Event "CN Seniori 2012"]
[Site "Sarata Monteoru/Romania"]
[Date "2012.02.16"]
[Round "5.8"]
[White "Berescu, Alin-Mile"]
[Black "Voiteanu, Gabriel"]
[Result "1-0"]
[ECO "A24"]
[WhiteElo "2488"]
[BlackElo "2304"]
[PlyCount "89"]
[EventDate "2012.??.??"]
[TimeControl "40/5400+30:900+30"]

1. c4 Nf6 2. g3 g6 3. Bg2 Bg7 4. Nc3 e5 5. e4 O-O 6. Nge2 d6 7. d3 c6 8. O-O
Na6 9. h3 Nc7 10. d4 b5 11. c5 dxc5 12. dxe5 Nd7 13. f4 Nb6 14. Qc2 b4 15. Rd1
Qe7 16. Na4 Ba6 17. Bf1 Nxa4 18. Qxa4 Bb5 19. Qc2 Ne6 20. Be3 Rfd8 21. a4 Bxe2
22. Qxe2 Nd4 23. Qc4 Qe6 24. Qxe6 fxe6 25. Rac1 Nb3 26. Rb1 Nd4 27. Bc4 Kf7 28.
Kf2 g5 29. Rbc1 gxf4 30. gxf4 Ke7 31. Rg1 Bh6 32. Rg4 Rg8 33. Rcg1 Kf7 34. f5
Bxe3+ 35. Kxe3 Rxg4 36. hxg4 Kg7 37. Kf4 b3 38. g5 Rb8 39. g6 hxg6 40. Rxg6+
Kf7 41. Bxe6+ Nxe6+ 42. Rxe6 Rb6 43. Rh6 c4 44. e6+ Kg7 45. Kg5 1-0

[Event "CN Seniori 2012"]
[Site "Sarata Monteoru/Romania"]
[Date "2012.02.16"]
[Round "5.9"]
[White "Gilea, Lucian"]
[Black "Dumitrache, Dragos-Nicolae"]
[Result "1/2-1/2"]
[ECO "B22"]
[WhiteElo "2261"]
[BlackElo "2460"]
[PlyCount "91"]
[EventDate "2012.??.??"]
[TimeControl "40/5400+30:900+30"]

1. d4 c5 2. c3 e6 3. e4 d5 4. exd5 Qxd5 5. Nf3 Nf6 6. Be2 Nc6 7. O-O cxd4 8.
cxd4 Be7 9. Nc3 Qd6 10. Nb5 Qd8 11. Ne5 O-O 12. Nxc6 bxc6 13. Nc3 Nd5 14. Ne4
Qb6 15. Qa4 Rd8 16. Rd1 Nf6 17. Bf3 Bd7 18. Qc2 Be8 19. b3 Rac8 20. Be3 Nd5 21.
Nc5 Nxe3 22. fxe3 e5 23. Rac1 exd4 24. Rxd4 Rxd4 25. exd4 Rd8 26. Qc4 a5 27.
Re1 Kf8 28. Kh1 Qb4 29. Qxb4 axb4 30. Re4 g6 31. g3 h5 32. Kg2 Rd6 33. Nb7 Rd7
34. Nc5 Rd8 35. Kf1 Bf6 36. Na6 Be7 37. Nc5 Ra8 38. Re2 Bf6 39. Nd3 Rb8 40. Rc2
Bxd4 41. Bxc6 Bxc6 42. Rxc6 Bc3 43. Ra6 Rd8 44. Ke2 Re8+ 45. Kf2 Rd8 46. Ke2
1/2-1/2

[Event "CN Seniori 2012"]
[Site "Sarata Monteoru/Romania"]
[Date "2012.02.16"]
[Round "5.11"]
[White "Manea, Alexandru"]
[Black "Daianu, Cristian-Clement"]
[Result "1/2-1/2"]
[ECO "A16"]
[WhiteElo "2429"]
[BlackElo "2242"]
[PlyCount "50"]
[EventDate "2012.??.??"]
[TimeControl "40/5400+30:900+30"]

1. c4 Nf6 2. Nc3 d5 3. cxd5 Nxd5 4. Nf3 g6 5. Qa4+ Bd7 6. Qh4 Nf6 7. d4 h6 8.
e4 Bg7 9. Qf4 e6 10. Be2 Nc6 11. O-O g5 12. Qe3 Ng4 13. Qd3 e5 14. Nxe5 Ngxe5
15. dxe5 Nxe5 16. Qc2 O-O 17. Be3 Bc6 18. Nb5 Bxb5 19. Bxb5 c6 20. Be2 Qa5 21.
a3 Ng6 22. g3 Rfe8 23. Rab1 Rad8 24. Kg2 Bd4 25. Bd2 Qc5 1/2-1/2

[Event "CN Seniori 2012"]
[Site "Sarata Monteoru/Romania"]
[Date "2012.02.16"]
[Round "5.12"]
[White "Pop, Alexandru"]
[Black "Baratosi, Daniel"]
[Result "0-1"]
[ECO "C88"]
[WhiteElo "2254"]
[BlackElo "2418"]
[PlyCount "82"]
[EventDate "2012.??.??"]
[TimeControl "40/5400+30:900+30"]

1. e4 e5 2. Nf3 Nc6 3. Bb5 a6 4. Ba4 Nf6 5. O-O Be7 6. Re1 b5 7. Bb3 O-O 8. a4
b4 9. d3 d6 10. Nbd2 Re8 11. Nf1 Na5 12. Bc4 Nxc4 13. dxc4 a5 14. Ng3 Bf8 15.
h3 h6 16. Nh2 g6 17. Be3 Kh7 18. Qd2 Ba6 19. b3 Bb7 20. f3 c6 21. Ng4 Ng8 22.
Kf2 d5 23. cxd5 cxd5 24. h4 dxe4 25. Qxd8 Raxd8 26. Nxe4 Bxe4 27. fxe4 f5 28.
Nh2 f4 29. Bb6 Rd6 30. Bxa5 Ra6 31. Bc7 Rc6 32. Ba5 Ra8 33. Bxb4 Bxb4 34. Re2
Rd8 35. Nf3 Bc3 36. Rb1 Nf6 37. Nh2 Rd4 38. Kf3 Bb4 39. c4 Rd3+ 40. Kf2 Rcd6
41. Rc1 Bc5+ 0-1

[Event "CN Seniori 2012"]
[Site "Sarata Monteoru/Romania"]
[Date "2012.02.16"]
[Round "5.13"]
[White "Spulber, Cicirone"]
[Black "Anton, Teodor"]
[Result "1-0"]
[ECO "A30"]
[WhiteElo "2244"]
[BlackElo "2393"]
[PlyCount "103"]
[EventDate "2012.??.??"]
[TimeControl "40/5400+30:900+30"]

1. Nf3 c5 2. c4 Nf6 3. Nc3 e6 4. g3 b6 5. Bg2 Bb7 6. O-O Be7 7. d4 cxd4 8. Qxd4
O-O 9. Rd1 d6 10. Bg5 Nbd7 11. Rac1 a6 12. Qd2 Rc8 13. b3 Nc5 14. Bxf6 Bxf6 15.
b4 Ne4 16. Nxe4 Bxe4 17. Nd4 Bxg2 18. Kxg2 d5 19. c5 e5 20. Nb3 d4 21. Qd3 Bg5
22. Rc2 b5 23. Qe4 Qc7 24. Na5 Rfd8 25. Qb7 Qxb7+ 26. Nxb7 Rd7 27. c6 Rdc7 28.
Na5 Kf8 29. a3 Be7 30. e3 dxe3 31. fxe3 f6 32. Rcd2 Kf7 33. e4 Ke6 34. g4 g6
35. Rd3 Bf8 36. Rd8 Rxd8 37. Rxd8 Bh6 38. Re8+ Kd6 39. Rd8+ Ke7 40. Rh8 Be3 41.
Rxh7+ Kd6 42. Rxc7 Kxc7 43. h4 Bh6 44. Kf3 Kd6 45. h5 g5 46. Ke2 Bf8 47. Kd3
Bh6 48. Kc2 Kc7 49. Kb3 Bf8 50. a4 Kd6 51. Nb7+ Kxc6 52. Nc5 1-0

[Event "CN Seniori 2012"]
[Site "Sarata Monteoru/Romania"]
[Date "2012.02.16"]
[Round "5.14"]
[White "Prodileanu, Adrian"]
[Black "Dobre, Claudiu-Cristian"]
[Result "*"]
[ECO "D40"]
[WhiteElo "2204"]
[BlackElo "2354"]
[PlyCount "102"]
[EventDate "2012.??.??"]
[TimeControl "40/5400+30:900+30"]

1. c4 Nf6 2. g3 c6 3. Bg2 d5 4. Nf3 Bg4 5. Ne5 Be6 6. cxd5 Bxd5 7. Nf3 c5 8.
Nc3 Bc6 9. O-O e6 10. d3 Nbd7 11. e4 e5 12. Nh4 Qb6 13. Rb1 h5 14. Nf5 Qa6 15.
a3 Bb5 16. b4 cxb4 17. axb4 Rc8 18. Nxb5 Qxb5 19. d4 g6 20. dxe5 Nxe5 21. Nd6+
Bxd6 22. Qxd6 Nfd7 23. Rd1 Qc6 24. Qxc6 bxc6 25. f4 Nc4 26. Bh3 Rc7 27. Rd4
Ncb6 28. Bb2 O-O 29. Rbd1 c5 30. Rd6 Nb8 31. Rc1 Na6 32. b5 Nb8 33. Ba3 c4 34.
e5 c3 35. e6 Nc4 36. Rxc3 Nxa3 37. Rxc7 Nxb5 38. exf7+ Kg7 39. Rdd7 Nxd7 40.
Rxd7 Rxf7 41. Kf2 Rxd7 42. Bxd7 Nd6 43. Kf3 Kf6 44. h3 Nb7 45. Ke3 Nc5 46. Bb5
a5 47. Kd4 Ne6+ 48. Ke3 Nc5 49. Kd4 Ne6+ 50. Ke3 Nc7 51. Bc6 Ne6 {1/2-1/2
Prodileanu,A (2204)-Dobre,C (2354)/(null) 2012} *

[Event "CN Seniori 2012"]
[Site "Sarata Monteoru/Romania"]
[Date "2012.02.16"]
[Round "5.15"]
[White "Miroiu, George-Catalin"]
[Black "Dobre, Mihai"]
[Result "1/2-1/2"]
[ECO "E05"]
[WhiteElo "2342"]
[BlackElo "1975"]
[PlyCount "89"]
[EventDate "2012.??.??"]
[TimeControl "40/5400+30:900+30"]

1. d4 d5 2. c4 e6 3. Nf3 Be7 4. g3 Nf6 5. Bg2 O-O 6. O-O dxc4 7. Qa4 a6 8. Qxc4
b5 9. Qc2 Bb7 10. Bd2 Nbd7 11. Ba5 Nb6 12. Nbd2 Rc8 13. b4 Re8 14. Rfd1 g6 15.
Rac1 Bf8 16. e3 Nfd7 17. Nb3 Nc4 18. a4 Bh6 19. axb5 axb5 20. Qe2 Qe7 21. Nfd2
Bxg2 22. Kxg2 Ndb6 23. Bxb6 cxb6 24. Nxc4 bxc4 25. Rxc4 Rxc4 26. Qxc4 Qb7+ 27.
Kg1 Rc8 28. Qd3 Bf8 29. b5 Bb4 30. Rc1 Rxc1+ 31. Nxc1 Qc7 32. Ne2 Kf8 33. h4 h5
34. Kg2 Kg7 35. Qb3 Be7 36. Qc3 Qxc3 37. Nxc3 Bb4 38. Na4 Ba5 39. Nb2 Kf6 40.
Nc4 Ke7 41. Kf3 Kd8 42. Ke2 Kc7 43. Ne5 f6 44. Nxg6 Kd6 45. g4 1/2-1/2

[Event "CN Seniori 2012"]
[Site "Sarata Monteoru/Romania"]
[Date "2012.02.16"]
[Round "5.16"]
[White "Bida, Mihai-Eugen"]
[Black "Miron, Lucian-Costin"]
[Result "0-1"]
[ECO "C60"]
[WhiteElo "2183"]
[BlackElo "2525"]
[PlyCount "130"]
[EventDate "2012.??.??"]
[TimeControl "40/5400+30:900+30"]

1. e4 e5 2. Nf3 Nc6 3. Bb5 a6 4. Ba4 Nge7 5. O-O g6 6. c3 Bg7 7. d4 b5 8. Bb3
exd4 9. cxd4 O-O 10. Nc3 d6 11. h3 Na5 12. Bc2 c5 13. dxc5 dxc5 14. Qxd8 Rxd8
15. Bg5 Re8 16. Rad1 Be6 17. e5 Nec6 18. Rfe1 Nc4 19. Be4 Rac8 20. Bxc6 Rxc6
21. b3 Nb6 22. Be3 h6 23. Ne4 Nd7 24. Rc1 Rec8 25. Red1 a5 26. Rd6 Bf8 27. Rxc6
Rxc6 28. Nc3 Rb6 29. Ne4 Rc6 30. Nc3 b4 31. Na4 Bd5 32. Nd2 Nxe5 33. Nxc5 Nd7
34. Nd3 Rxc1+ 35. Nxc1 Ne5 36. Bb6 Nc6 37. Ne2 f5 38. Nd4 Nxd4 39. Bxd4 Kf7 40.
f4 Bd6 41. g3 g5 42. Be3 gxf4 43. gxf4 Ke6 44. Kf2 Kd7 45. Nf3 Be4 46. Nd2 Bd3
47. Kf3 Kc6 48. Ba7 Bc2 49. Ke3 Kb5 50. Bd4 Bc5 51. Bxc5 Kxc5 52. h4 h5 53. Nc4
a4 54. Na5 a3 55. Kd2 Bb1 56. Kc1 Bxa2 57. Kc2 Kd5 58. Nc4 Ke4 59. Nb6 Kxf4 60.
Nd5+ Kg3 61. Nxb4 Bxb3+ 62. Kxb3 Kxh4 63. Kxa3 Kg3 64. Nd5 h4 65. Ne3 f4 0-1

[Event "CN Seniori 2012"]
[Site "Sarata Monteoru/Romania"]
[Date "2012.02.16"]
[Round "5.17"]
[White "Stegariu, Alexandru"]
[Black "Bonte, Andrei-Mihai"]
[Result "1/2-1/2"]
[ECO "E14"]
[WhiteElo "2122"]
[BlackElo "2380"]
[PlyCount "55"]
[EventDate "2012.??.??"]
[TimeControl "40/5400+30:900+30"]

1. d4 d5 2. c4 e6 3. Nc3 Be7 4. Nf3 Nf6 5. e3 O-O 6. b3 b6 7. Bd3 Bb7 8. O-O c5
9. Bb2 dxc4 10. bxc4 cxd4 11. exd4 Nc6 12. Rc1 Rc8 13. Re1 Na5 14. Ne5 g6 15.
Qe2 Nh5 16. g3 Bf6 17. Ne4 Bg7 18. Ba3 Qxd4 19. Nd6 Bxe5 20. Nxc8 Rxc8 21. Qxe5
Qxd3 22. Bb2 Kf8 23. Rcd1 Qf3 24. Qd6+ Ke8 25. Qd7+ Kf8 26. Qd6+ Ke8 27. Qe5
Ke7 28. Qh8 1/2-1/2

[Event "CN Seniori 2012"]
[Site "Sarata Monteoru/Romania"]
[Date "2012.02.16"]
[Round "5.18"]
[White "Balla, Tamas-Kristof"]
[Black "Toma, Radu-Cristian"]
[Result "1/2-1/2"]
[ECO "B20"]
[WhiteElo "2377"]
[BlackElo "2052"]
[PlyCount "143"]
[EventDate "2012.??.??"]
[TimeControl "40/5400+30:900+30"]

1. f4 c5 2. Nf3 Nc6 3. g3 g6 4. Bg2 Bg7 5. d3 e6 6. e4 d6 7. c3 Nge7 8. O-O O-O
9. Be3 f5 10. h3 Rb8 11. Qe2 b5 12. a3 a5 13. Nbd2 b4 14. axb4 axb4 15. Rfc1
Bd7 16. Nc4 Qc7 17. e5 d5 18. Nd6 bxc3 19. bxc3 Na5 20. Ra3 Nc8 21. Qa2 Nb7 22.
Nxb7 Rxb7 23. Ra5 Rb5 24. Rxb5 Bxb5 25. c4 dxc4 26. dxc4 Bc6 27. Qf2 Rd8 28.
Bxc5 Rd3 29. Be3 Bf8 30. Bf1 Ra3 31. Nd4 Bc5 32. Nxf5 gxf5 33. Bxc5 Rf3 34. Qd4
Rxg3+ 35. Kh2 Rg7 36. Rd1 Rd7 37. Bd6 Qb7 38. Rd3 Ne7 39. Rg3+ Ng6 40. h4 Rg7
41. Qf2 h5 42. Rg5 Qb1 43. c5 Qc1 44. Bg2 Bxg2 45. Rxg2 Nxf4 46. Rxg7+ Kxg7 47.
c6 Nd5 48. Qg1+ Qxg1+ 49. Kxg1 f4 50. c7 Nb6 51. Kf2 Kg6 52. Kf3 Kf5 53. Bc5
Nc8 54. Bd4 Ne7 55. Bb2 Nc8 56. Bc1 Kxe5 57. Bxf4+ Kf5 58. Ke3 e5 59. Bg5 Nd6
60. Be7 Nc8 61. Bd8 Nd6 62. Bg5 Nc8 63. Kf3 Nd6 64. Be7 Nc8 65. Bb4 Nb6 66. Bc5
Nc8 67. Ba3 Nb6 68. Bb4 Nc8 69. Ke3 Kg4 70. Ke4 Kxh4 71. Kxe5 Kg4 72. Be1
1/2-1/2

[Event "CN Seniori 2012"]
[Site "Sarata Monteoru/Romania"]
[Date "2012.02.17"]
[Round "6.1"]
[White "Vajda, Levente"]
[Black "Nevednichy, Vladislav"]
[Result "0-1"]
[ECO "B50"]
[WhiteElo "2594"]
[BlackElo "2546"]
[Annotator "Robot 8"]
[PlyCount "94"]
[EventDate "2012.??.??"]
[TimeControl "40/5400+30:900+30"]

1. e4 c5 2. Nf3 d6 3. c3 Nf6 4. Bd3 Nc6 5. Bc2 e5 6. d4 cxd4 7. cxd4 Bg4 8. d5
Nd4 9. Bd3 Be7 10. h3 Bxf3 11. gxf3 O-O 12. f4 Nd7 13. Nc3 exf4 14. Bxf4 Ne5
15. Kf1 Bg5 16. Bxe5 dxe5 17. h4 Bh6 18. Ne2 Nf3 19. Ng3 Nxh4 20. Qh5 Ng6 21.
Nf5 Qg5 22. Nxh6+ gxh6 23. Qxh6 Qxh6 24. Rxh6 Kg7 25. Rh1 Nf4 26. Bc4 h5 27.
Rd1 Rad8 28. Kg1 f5 29. Kh2 fxe4 30. Rhe1 Ng6 31. Kg1 Rf4 32. Re3 Nh4 33. Be2
Nf5 34. Rh3 h4 35. Bf1 Kf6 36. Bg2 Rg8 37. d6 Rfg4 38. d7 Rxg2+ 39. Kh1 Rxf2
40. d8=Q+ Rxd8 41. Rxd8 e3 42. Kg1 Rxb2 43. Rf8+ Ke6 44. Rf3 e2 45. Kf2 Rb1 46.
Re8+ Kd5 47. Rd3+ Ke4 0-1

[Event "CN Seniori 2012"]
[Site "Sarata Monteoru/Romania"]
[Date "2012.02.17"]
[Round "6.2"]
[White "Lupulescu, Constantin"]
[Black "Szabo, Gergely-Andras-Gyul"]
[Result "1/2-1/2"]
[ECO "E20"]
[WhiteElo "2648"]
[BlackElo "2554"]
[Annotator "Robot 8"]
[PlyCount "55"]
[EventDate "2012.??.??"]
[TimeControl "40/5400+30:900+30"]

1. d4 Nf6 2. c4 e6 3. Nc3 Bb4 4. Nf3 c5 5. g3 cxd4 6. Nxd4 Ne4 7. Qc2 Qa5 8.
Bg2 Nxc3 9. O-O Nc6 10. bxc3 Bxc3 11. Nb3 Nd4 12. Nxd4 Bxd4 13. Rb1 O-O 14. Rd1
Bf6 15. Bf4 d5 16. cxd5 Bd7 17. Bc7 Ba4 18. Qc1 b6 19. Rd3 exd5 20. Bxd5 Rae8
21. e4 Qa6 22. Rf3 Rc8 23. Qf4 Qe2 24. e5 Bd1 25. Re3 Qc2 26. Be4 Qxc7 27. Rxd1
Bxe5 28. Bxh7+ 1/2-1/2

[Event "CN Seniori 2012"]
[Site "Sarata Monteoru/Romania"]
[Date "2012.02.17"]
[Round "6.3"]
[White "Manolache, Marius"]
[Black "Miroiu, George-Catalin"]
[Result "1-0"]
[ECO "D15"]
[WhiteElo "2552"]
[BlackElo "2342"]
[Annotator "Robot 8"]
[PlyCount "33"]
[EventDate "2012.??.??"]
[TimeControl "40/5400+30:900+30"]

1. d4 d5 2. Nf3 Nf6 3. c4 c6 4. Nc3 a6 5. a4 e6 6. Bg5 Be7 7. e3 O-O 8. Qc2 c5
9. dxc5 Qa5 10. cxd5 Nxd5 11. Bxe7 Nxe7 12. Ng5 f5 13. Bc4 Nd5 14. Bxd5 exd5
15. Qb3 Qxc5 16. Nxd5 Kh8 17. O-O 1-0

[Event "CN Seniori 2012"]
[Site "Sarata Monteoru/Romania"]
[Date "2012.02.17"]
[Round "6.4"]
[White "Georgescu, Tiberiu-Marian"]
[Black "Jianu, Vlad-Cristian"]
[Result "1/2-1/2"]
[ECO "D11"]
[WhiteElo "2415"]
[BlackElo "2508"]
[Annotator "Robot 8"]
[PlyCount "43"]
[EventDate "2012.??.??"]
[TimeControl "40/5400+30:900+30"]

1. d4 Nf6 2. c4 c6 3. Nf3 d5 4. e3 Bg4 5. h3 Bxf3 6. Qxf3 e6 7. Nc3 Nbd7 8. Bd3
Bb4 9. O-O O-O 10. Qd1 Qe7 11. Qb3 dxc4 12. Bxc4 b5 13. Be2 e5 14. dxe5 Nxe5
15. Rd1 Rad8 16. Bd2 Bd6 17. Be1 Ng6 18. Bf3 Ne5 19. Be2 Ng6 20. Bf3 Ne5 21.
Be2 h5 22. Bf3 1/2-1/2

[Event "CN Seniori 2012"]
[Site "Sarata Monteoru/Romania"]
[Date "2012.02.17"]
[Round "6.5"]
[White "Doros, Radu-Marian"]
[Black "Berescu, Alin-Mile"]
[Result "0-1"]
[ECO "E04"]
[WhiteElo "2338"]
[BlackElo "2488"]
[Annotator "Robot 8"]
[PlyCount "68"]
[EventDate "2012.??.??"]
[TimeControl "40/5400+30:900+30"]

1. Nf3 d5 2. d4 Nf6 3. c4 e6 4. g3 dxc4 5. Bg2 c5 6. O-O Nc6 7. dxc5 Qxd1 8.
Rxd1 Bxc5 9. Nbd2 Ke7 10. Nxc4 Ne4 11. e3 Rd8 12. Rxd8 Kxd8 13. Ne1 Nf6 14. Nd3
Be7 15. Bxc6 bxc6 16. Nde5 Ke8 17. Nxc6 Ba6 18. N6e5 Ne4 19. b3 Rc8 20. f3 Nd6
21. Bb2 f6 22. Nxd6+ Bxd6 23. Ng4 Be2 24. Kg2 Rc2 25. Bd4 e5 26. Bxa7 e4 27.
Nf2 Be5 28. Bd4 Bxf3+ 29. Kg1 Bxd4 30. exd4 Re2 31. a4 e3 32. Nh3 Rg2+ 33. Kf1
Rxh2 34. Ng1 Be4 0-1

[Event "CN Seniori 2012"]
[Site "Sarata Monteoru/Romania"]
[Date "2012.02.17"]
[Round "6.6"]
[White "Baratosi, Daniel"]
[Black "Spulber, Cicirone"]
[Result "1/2-1/2"]
[ECO "B01"]
[WhiteElo "2418"]
[BlackElo "2244"]
[Annotator "Robot 8"]
[PlyCount "60"]
[EventDate "2012.??.??"]
[TimeControl "40/5400+30:900+30"]

1. e4 d5 2. exd5 Qxd5 3. Nc3 Qd6 4. d4 Nf6 5. Be3 c6 6. Qd2 Bf5 7. Nf3 Nbd7 8.
O-O-O e6 9. Nh4 Bg6 10. Nxg6 hxg6 11. Bf4 Qb4 12. Bc7 Nb6 13. a3 Qe7 14. Be5
Qd7 15. Kb1 O-O-O 16. Be2 Bd6 17. Qg5 Qe7 18. h4 Nbd5 19. Nxd5 cxd5 20. Bf3 Ne8
21. Qxe7 Bxe7 22. h5 g5 23. Rc1 f6 24. Bg3 Bd6 25. c4 Bxg3 26. fxg3 Nc7 27.
cxd5 exd5 28. Rhe1 Kd7 29. Bg4+ Kd6 30. Kc2 Rde8 1/2-1/2

[Event "CN Seniori 2012"]
[Site "Sarata Monteoru/Romania"]
[Date "2012.02.17"]
[Round "6.7"]
[White "Miron, Lucian-Costin"]
[Black "Dragomirescu, Robin-Alexandru"]
[Result "1-0"]
[ECO "A49"]
[WhiteElo "2525"]
[BlackElo "2340"]
[Annotator "Robot 8"]
[PlyCount "53"]
[EventDate "2012.??.??"]
[TimeControl "40/5400+30:900+30"]

1. Nf3 Nf6 2. g3 g6 3. Bg2 Bg7 4. O-O O-O 5. d4 c5 6. dxc5 Na6 7. Be3 Ne4 8.
Bd4 Nexc5 9. Bxg7 Kxg7 10. c4 d6 11. Nc3 Bd7 12. Qd4+ Kg8 13. Qd2 Bc6 14. Qh6
Ne6 15. Rfd1 Nac5 16. Nd5 Nd7 17. Bh3 f5 18. e4 Bxd5 19. cxd5 Ng7 20. Ng5 Nf6
21. exf5 gxf5 22. Rd4 Qe8 23. Re1 Rc8 24. Rh4 Qg6 25. Rxe7 Nxd5 26. Rxg7+ Qxg7
27. Qe6+ 1-0

[Event "CN Seniori 2012"]
[Site "Sarata Monteoru/Romania"]
[Date "2012.02.17"]
[Round "6.8"]
[White "Filip, Lucian"]
[Black "Florescu, Codrut-Constantin"]
[Result "1/2-1/2"]
[ECO "E07"]
[WhiteElo "2490"]
[BlackElo "2282"]
[Annotator "Robot 8"]
[PlyCount "113"]
[EventDate "2012.??.??"]
[TimeControl "40/5400+30:900+30"]

1. Nf3 Nf6 2. c4 e6 3. g3 d5 4. d4 c6 5. Bg2 Nbd7 6. O-O Be7 7. Nc3 dxc4 8. e4
O-O 9. a4 e5 10. dxe5 Ng4 11. Bf4 Qa5 12. e6 fxe6 13. Qe2 Nde5 14. Nxe5 Nxe5
15. Bxe5 Qxe5 16. Kh1 g5 17. Rad1 b6 18. Qh5 Bf6 19. Qg4 Qc7 20. e5 Bxe5 21.
Qxg5+ Kh8 22. Qg4 Rb8 23. Qxc4 c5 24. f4 Bg7 25. Nb5 Qe7 26. b3 Ba6 27. Rfe1 e5
28. fxe5 Rf2 29. Re2 Rbf8 30. Rxf2 Rxf2 31. Qd5 Bxe5 32. Qd8+ Qxd8 33. Rxd8+
Kg7 34. Rd7+ Rf7 35. Rxf7+ Kxf7 36. Bd5+ Kf6 37. Nxa7 Bb8 38. Nc6 Bb7 39. Kg2
Bxc6 40. Bxc6 Be5 41. Kf3 h6 42. Ke4 Bc3 43. Kd5 Ba5 44. Bd7 Kg7 45. g4 Kf6 46.
h4 Be1 47. Kc6 Ba5 48. Bc8 Kg7 49. Bf5 Kf6 50. Bc2 Kg7 51. b4 cxb4 52. Bb3 Kf6
53. Kd6 Kg6 54. Ke6 b5 55. axb5 Bb6 56. Bc2+ Kg7 57. h5 1/2-1/2

[Event "CN Seniori 2012"]
[Site "Sarata Monteoru/Romania"]
[Date "2012.02.17"]
[Round "6.9"]
[White "Dumitrache, Dragos-Nicolae"]
[Black "Prodileanu, Adrian"]
[Result "1-0"]
[ECO "E15"]
[WhiteElo "2460"]
[BlackElo "2204"]
[Annotator "Robot 8"]
[PlyCount "109"]
[EventDate "2012.??.??"]
[TimeControl "40/5400+30:900+30"]

1. d4 Nf6 2. c4 e6 3. Nf3 b6 4. g3 Ba6 5. Qa4 Bb7 6. Bg2 c5 7. dxc5 Bxc5 8. O-O
O-O 9. Nc3 Be7 10. Rd1 Na6 11. Bf4 Nc5 12. Qc2 Qc8 13. Rd4 d5 14. cxd5 Nxd5 15.
Nxd5 Bxd5 16. Ng5 Bxg5 17. Bxg5 Bxg2 18. Kxg2 e5 19. Rc4 Qb7+ 20. f3 Ne6 21.
Be3 Rac8 22. Rc1 Rxc4 23. Qxc4 Rd8 24. Kf2 h6 25. a4 Qd7 26. Qc6 Kf8 27. b4
Qxc6 28. Rxc6 Ke7 29. a5 bxa5 30. bxa5 Rd7 31. f4 f6 32. fxe5 fxe5 33. Ra6 Nd4
34. Bd2 Kd8 35. Bc3 Kc8 36. Ke3 Kb7 37. Rg6 a6 38. g4 Nc6 39. Ke4 Rf7 40. Kd5
Rd7+ 41. Rd6 Rc7 42. Ke4 Rf7 43. e3 Kc7 44. Kd5 Rd7 45. Rxd7+ Kxd7 46. Bxe5 g6
47. Bc3 h5 48. gxh5 gxh5 49. Be1 Nd8 50. Ke5 Kc6 51. Kf5 Kb5 52. Kg5 Nc6 53.
Kxh5 Ne5 54. Bc3 Nf3 55. h4 1-0

[Event "CN Seniori 2012"]
[Site "Sarata Monteoru/Romania"]
[Date "2012.02.17"]
[Round "6.10"]
[White "Dobre, Claudiu-Cristian"]
[Black "Cioara, Andrei-Nestor"]
[Result "0-1"]
[ECO "A46"]
[WhiteElo "2354"]
[BlackElo "2456"]
[Annotator "Robot 8"]
[PlyCount "174"]
[EventDate "2012.??.??"]
[TimeControl "40/5400+30:900+30"]

1. d4 e6 2. Nf3 Nf6 3. Bg5 c5 4. e3 cxd4 5. exd4 b6 6. Bd3 Bb7 7. O-O Be7 8.
Re1 O-O 9. Nc3 d6 10. Qe2 Nbd7 11. Ne4 Nxe4 12. Bxe7 Qxe7 13. Bxe4 Bxe4 14.
Qxe4 Nf6 15. Qd3 Qc7 16. c3 Rfc8 17. Nd2 b5 18. a4 a6 19. axb5 axb5 20. Rxa8
Rxa8 21. Qxb5 Rb8 22. Qc4 Qxc4 23. Nxc4 d5 24. Ne5 Rxb2 25. Ra1 g5 26. f3 Rb7
27. Kf2 Kg7 28. Ra2 h5 29. Ke3 Rc7 30. Kd3 h4 31. g4 hxg3 32. hxg3 Nh5 33. Rh2
Nf6 34. Ra2 Ng8 35. Ng4 Ne7 36. Ne3 Kg6 37. Ra6 Rb7 38. Kc2 Kg7 39. Ra8 Rc7 40.
Kd3 Nc8 41. Ra6 Na7 42. Rb6 Nc8 43. Ra6 Ne7 44. Ra8 Rb7 45. Kc2 Kg6 46. Ra6 Rc7
47. Kd3 Rc8 48. Ra7 Nc6 49. Ra6 Rc7 50. f4 Ne7 51. fxg5 Kxg5 52. Ra8 Rb7 53.
Kc2 Kg6 54. Ra6 Kg5 55. Ra8 Rc7 56. Kd3 Nc8 57. Ra6 Rb7 58. Kc2 Nb6 59. Ra5 Rc7
60. Kd3 Kg6 61. Ra6 Rb7 62. Kc2 Kg7 63. Kd3 Nd7 64. Ra3 Rb1 65. c4 dxc4+ 66.
Nxc4 Rg1 67. Ke2 Rc1 68. Ra7 Rxc4 69. Rxd7 Rc3 70. d5 e5 71. Kf2 Kg6 72. Rd8 f6
73. Ra8 Rd3 74. Rd8 Kf5 75. Rd6 Kg5 76. Kg2 f5 77. Kf2 e4 78. Kg2 Rd2+ 79. Kh3
f4 80. gxf4+ Kxf4 81. Rd8 e3 82. d6 e2 83. Re8 Kf3 84. Re6 Kf2 85. Rf6+ Ke1 86.
Re6 Kd1 87. Kg4 e1=Q {0-1 Dobre,C (2354)-Cioara,A (2456)/Sarata Monteoru/
Romania 2012/[Robot 8]} 0-1